 Dungeon Crawl Stone Soup version 0.22-a0-580-gd5db89c (webtiles) character file.

175 theanonym the Skirmisher (level 5, 0/41 HPs)
             Began as a Mummy Enchanter on July 3, 2018.
             Slain by an orc
             ... wielding a +0 mace
              (3 damage)
             ... on level 3 of the Dungeon.
             The game lasted 00:05:33 (4828 turns).

theanonym the Skirmisher (Mummy Enchanter)          Turns: 4828, Time: 00:05:34

Health: 0/41       AC:  6    Str: 12    XL:     5   Next: 29%
Magic:  9/9        EV:  9    Int: 15    God:
Gold:   141        SH:  0    Dex: 12    Spells: 8/9 levels left

rFire    x . .     SeeInvis +   a - +0 flail
rCold    + . .     Gourm    .   (no shield)
rNeg     + + +     Faith    .   c - +0 scale mail
rPois    ∞         Spirit   .   (no helmet)
rElec    .         Reflect  .   (no cloak)
rCorr    .         Harm     .   (no gloves)
MR       .....                  (no boots)
Stlth    +.........             (no amulet)
HPRegen  0.13/turn              e - ring of see invisible
MPRegen  0.11/turn              (no ring)

@: no status effects
A: no food or potions, fire vulnerability, cold resistance 1, negative energy
resistance 3, torment resistance, unbreathing
a: no special abilities


Innate Abilities, Weirdness & Mutations

You do not eat or drink.
Your flesh is vulnerable to fire.
You are immune to poison.
Your flesh is cold resistant. (rC+)
You are immune to negative energy. (rN+++)
You are immune to unholy pain and torment.
You can survive without breathing.


   Skills:
 - Level 3.1 Fighting
   Level 0.7 Short Blades
 + Level 3.1 Maces & Flails
 - Level 1.5 Dodging
 - Level 2.4 Stealth
 - Level 2.6 Spellcasting
 - Level 2.6 Hexes


You had 8 spell levels left.
You knew the following spells:

 Your Spells              Type           Power        Failure   Level  Hunger
a - Corona                Hex            ##.....      36%         1    N/A

Your spell library contained the following spells:

 Spells                   Type           Power        Failure   Level  Hunger
 Confuse                  Hex            ##......     75%         3    N/A
 Tukima's Dance           Hex            ##......     75%         3    N/A
 Ensorcelled Hibernation  Hex/Ice        #.....       69%         2    N/A
 Dazzling Spray           Conj/Hex       #.....       89%         3    N/A

Skill      XL: |  1  2  3  4  5 |
---------------+----------------+-----
Fighting       | 1 2 3 |  3.1
Maces & Flails | 1 2 3 |  3.1
Short Blades   | |  0.7
Dodging        | |  1.5
Stealth        | |  2.4
Spellcasting   | |  2.6
Hexes          | |  2.6

Action                   |  1- 3 |  4- 6 || total
-------------------------+-------+-------++-------
Melee: Dagger            |   199 |    16 ||   215
       Mace              |       |    49 ||    49
       Flail             |       |    48 ||    48
Armor: Robe              |     8 |       ||     8
       Scale mail        |    59 |    52 ||   111
Dodge: Dodged            |    90 |    76 ||   166

Inventory:

Hand Weapons
 a - a +0 flail (weapon)
   (You took it off a gnoll on level 1 of the Dungeon)
Armour
 c - a +0 scale mail (worn)
   (You found it on level 1 of the Dungeon)
Jewellery
 e - a ring of see invisible (left hand)
   (You found it on level 3 of the Dungeon)
Scrolls
 b - a scroll of remove curse {unknown}
 d - 2 scrolls of identify {unknown}
 f - a scroll of blinking {unknown}
 g - a scroll of amnesia {unknown}
 h - a scroll of noise {unknown}
 i - a scroll of fear {unknown}


You were on level 3 of the Dungeon.
You were not hungry.

You visited 1 branch of the dungeon, and saw 3 of its levels.

You collected 141 gold pieces.

Dungeon Overview and Level Annotations

Branches:
Dungeon (3/15)

Altars:
Dithmenos

≈≈≈≈≈≈≈.>o..........
≈≈≈≈≈≈.≈...........
≈≈♣≈≈≈≈.≈#........#
≈≈≈≈_.≈≈≈!.#........#
≈≈≈...≈≈≈..#.......#
#.≈≈≈≈≈≈≈≈≈≈≈%........#
#≈.≈≈≈≈≈≈≈≈≈.≈..§.....#
..≈≈≈≈≈≈≈≈≈≈.≈###o.##.#
.≈.≈≈....≈≈≈≈.##@).#..#
≈...≈≈.≈....##.##..##
...##...###..##.##
#.#.o####...##.#
#.<.#####.%###.#
....o..### #....##..#
....#.# # .#.#...######
...
#.###..###.#.####...# .
( ........>..###...#


You could see an orc.

Notes
Turn   | Place    | Note
-------+----------+-------------------------------------------
     0 | D:1      | theanonym the Mummy Enchanter began the quest for the Orb.
     0 | D:1      | Reached XP level 1. HP: 13/13 MP: 4/4
   163 | D:1      | HP: 5/14 [dart slug/slug dart (4)]
   169 | D:1      | Reached skill level 1 in Fighting
   443 | D:1      | HP: 6/15 [goblin (3)]
   450 | D:1      | Reached XP level 2. HP: 6/22 MP: 5/5
   697 | D:1      | HP: 11/22 [hobgoblin (1)]
   946 | D:1      | Reached skill level 2 in Fighting
  1155 | D:1      | HP: 11/22 [jackal (3)]
  1162 | D:1      | HP: 10/22 [jackal (1)]
  1432 | D:1      | Reached XP level 3. HP: 14/28 MP: 7/7
  1432 | D:1      | HP: 13/28 [frilled lizard (2)]
  1439 | D:1      | HP: 12/28 [kobold/short sword (1)]
  1765 | D:1      | Reached skill level 1 in Maces & Flails
  1778 | D:1      | HP: 13/28 [gnoll/whip (3)]
  2234 | D:2      | HP: 11/28 [worm (5)]
  2581 | D:2      | Found a shadowy altar of Dithmenos.
  2587 | D:2      | Reached XP level 4. HP: 32/34 MP: 8/8
  2759 | D:1      | HP: 17/34 [gnoll/whip (1)]
  2764 | D:1      | HP: 16/34 [gnoll/whip (1)]
  2767 | D:1      | HP: 6/34 [gnoll/whip (3)]
  3229 | D:2      | Reached skill level 2 in Maces & Flails
  3613 | D:2      | Reached skill level 3 in Fighting
  3614 | D:2      | HP: 14/35 [gnoll/flail (9)]
  3908 | D:1      | HP: 14/35 [gnoll/flail (9)]
  4274 | D:2      | Found a shadowy altar of Dithmenos.
  4368 | D:3      | Noticed Natasha
  4380 | D:3      | HP: 17/35 [Natasha (2)]
  4381 | D:3      | Killed Natasha
  4381 | D:3      | Reached XP level 5. HP: 12/41 MP: 9/9
  4698 | D:3      | Found a faded altar of an unknown god.
  4806 | D:3      | Noticed Natasha
  4821 | D:3      | HP: 18/41 [orc/mace (8)]
  4822 | D:3      | Killed Natasha
  4822 | D:3      | Reached skill level 3 in Maces & Flails
  4822 | D:3      | HP: 5/41 [orc/mace (5)]
  4827 | D:3      | HP: 3/41 [orc/mace (3)]
  4828 | D:3      | Slain by an orc

Vanquished Creatures
  Natasha (twice) (D:3)
  5 gnolls
  2 adders (D:2)
  A worm (D:2)
  3 dart slugs (D:1)
  2 orcs (D:3)
  3 giant cockroaches
  7 goblins
  7 hobgoblins
  4 jackals (D:1)
  4 kobolds
  A quokka (D:2)
  3 bats
  3 frilled lizards
  4 rats
51 creatures vanquished.

Table legend:
 A = Turns spent in this place as a percentage of turns spent in the entire game.
 B = Non-inter-level travel turns spent in this place as a percentage of non-inter-level travel turns spent in the entire game.
 C = Inter-level travel turns spent in this place as a percentage of turns spent in this place.
 D = Turns resting spent in this place as a percentage of non-inter-level travel turns spent in this place.
 E = Turns spent auto-exploring this place as a percentage of non-inter-level travel turns spent in this place.
 F = Non-inter-level travel turns spent in this place divided by the number of levels of this place that you've seen.
                   A       B       C       D       E      F
               +-------+-------+-------+-------+-------+----------------------
         Total | 100.0 | 100.0 |   4.8 |  59.9 |  26.1 | 1532.3
       Dungeon | 100.0 | 100.0 |   4.8 |  59.9 |  26.1 | 1532.3
               +-------+-------+-------+-------+-------+----------------------
